 Dungeon Crawl Stone Soup version 0.29-a0-284-gf9362112df (webtiles) character file.

Game seed: 18307241531565466390

17 sizableburger the Ducker (level 2, -2/17 HPs)
             Began as a Deep Elf Gladiator on Mar 29, 2022.
             Was a Follower of Cheibriados.
             Frozen to death by an endoplasm (5 damage)
             ... on level 1 of the Dungeon.
             The game lasted 00:01:32 (792 turns).

sizableburger the Ducker (Deep Elf Gladiator)        Turns: 792, Time: 00:01:32

Health: -2/17      AC:  4    Str: 13    XL:     2   Next: 44%
Magic:  4/4        EV: 13    Int: 14    God:    Cheibriados [*.....]
Gold:   22         SH:  0    Dex: 18    Spells: 1/1 levels left

rFire   . . .      SeeInvis .   a - +0 long sword
rCold   . . .      Faith    .   (no shield)
rNeg    + . .      Spirit   .   b - +0 leather armour
rPois   .          Reflect  .   c - +0 helmet
rElec   .          Harm     .   (no cloak)
rCorr   .          Rampage  .   (no gloves)
Will    .....                   (no boots)
Stlth   +.........              (no amulet)
HPRegen 0.05/turn               i - ring of positive energy
MPRegen 0.09/turn               (no ring)

@: very slow
A: no striking features
a: Renounce Religion, Bend Time


You were on level 1 of the Dungeon.
You worshipped Cheibriados.
Cheibriados was aware of your devotion.
You visited 1 branch of the dungeon, and saw 1 of its levels.

You collected 22 gold pieces.

Inventory:

Hand Weapons
 a - a +0 long sword (weapon)
Missiles
 d - 2 throwing nets (quivered)
 e - a javelin
Armour
 b - a +0 leather armour (worn)
 c - a +0 helmet (worn)
Jewellery
 i - a ring of positive energy (left hand)
Scrolls
 h - a scroll of identify {unknown}
Potions
 f - a potion of magic {unknown}
 g - a potion of brilliance {unknown}


   Skills:
 + Level 1.9 Fighting
 + Level 3.0 Long Blades
 - Level 2.0 Throwing
 + Level 4.0 Dodging


You had one spell level left.
You didn't know any spells.
Your spell library contained the following spells:

 Spells                   Type           Power      Damage    Failure   Level
 Tukima's Dance           Hex            0%         N/A       73%         3
 Anguish                  Hex/Necr       0%         N/A       98%         4
 Enfeeble                 Hex            0%         N/A       100%        7


Dungeon Overview and Level Annotations

Branches:
Dungeon (1/15)

Altars:
Cheibriados


Message History

Cheibriados thoroughly appreciates the change of pace.
No target in view!
An endoplasm and a kobold come into view.
Found a book of Annihilations.
There are monsters nearby!
There are monsters nearby!
The endoplasm quivers.
The helpless kobold fails to defend itself.
You hit the kobold.
You kill the kobold!
Cheibriados appreciates the change of pace.
The endoplasm barely misses you. The endoplasm freezes you.
You are frozen.
You hit the endoplasm.
The endoplasm is lightly wounded.
The endoplasm freezes you.
You are frozen.
You are too injured to fight recklessly!
You are too injured to fight recklessly!
You hit the endoplasm but do no damage.
The endoplasm is lightly wounded.
The endoplasm freezes you.
You are frozen.
You hit the endoplasm but do no damage.
The endoplasm is lightly wounded.
The endoplasm freezes you.
You are frozen.
* * * LOW HITPOINT WARNING * * *
The endoplasm hits you but does no damage.
Okay, then.
Throw: 3 throwing nets
Press: ? - help, Q - select action, (/) - cycle Shift-Dir - straight line, f - endoplasm
Aim: an endoplasm (lightly wounded, 86% to hit)
You throw a throwing net. The throwing net hits the endoplasm.
The endoplasm is caught in the net!
The endoplasm is lightly wounded.
The endoplasm freezes you.
You are frozen.
You die...

.. # # .#.# #
#. ##:#.#
.##.##....#
.........#
###
#.#.....##
..#
#..J.....####
#...#
#..@.........
# ..#
#.)......##
#...#
#####.#.##
...# #.# #
.### #.# .#
#.######### #
#.......... #
#..#######. #
#####..#####


You could see an endoplasm (caught).

Vanquished Creatures
  A dart slug (D:1)
  2 endoplasms (D:1)
  3 jackals (D:1)
  2 quokkas (D:1)
  4 bats (D:1)
  A frilled lizard (D:1)
  A kobold (D:1)
  A rat (D:1)
15 creatures vanquished.

Notes
Turn   | Place    | Note
-------+----------+-------------------------------------------
     0 | D:1      | sizableburger the Deep Elf Gladiator began the quest for
                  | the Orb.
     0 | D:1      | Reached XP level 1. HP: 12/12 MP: 3/3
   125 | D:1      | Reached XP level 2. HP: 4/17 MP: 4/4
   420 | D:1      | Found a faded altar of an unknown god.
   429 | D:1      | Prayed at the altar of an unknown god.
   429 | D:1      | Became a worshipper of Cheibriados the Contemplative
   429 | D:1      | Reached * piety under Cheibriados
   443 | D:1      | Reached skill level 4 in Dodging
   792 | D:1      | Frozen to death by an endoplasm

Illustrated notes

Levels and vault maps discovered:
D:1:      zaba_arrival_water, layout_loops_corners,
          dreamdust_ecumenical_altar_grove, minmay_hexomino_u4

Skill      XL: |  1  2 |
---------------+-------+-----
Long Blades    | 3 |  3.0
Dodging        | 4 |  4.0
Fighting       | |  1.9
Throwing       | |  2.0

Action                   || total
-------------------------++-------
Melee: Long sword        ||    41
Throw: Throwing net      ||     1
 Stab: Sleeping          ||     1
Armor: Leather armour    ||    17
Dodge: Dodged            ||    52

Table legend: (Time is in decaauts)
 A = Elapsed time spent in this place.
 B = Non-inter-level travel time spent in this place.
 C = Inter-level travel time spent in this place.
 D = Time resting spent in this place.
 E = Time spent auto-exploring this place.
 F = Levels seen in this place.
 G = Mean time per level.
                   A        B        C        D        E       F      G
               +--------+--------+--------+--------+--------+-----+--------+
         Total |    886 |    886 |      0 |    411 |    264 |   1 |  886.0 |
       Dungeon |    886 |    886 |      0 |    411 |    264 |   1 |  886.0 |
               +--------+--------+--------+--------+--------+-----+--------+

Top non-repeatable levels by time:
     D:1: 886 daAuts
